 Dungeon Crawl Stone Soup version 0.27.1 (webtiles) character file.

Game seed: 3862212981232670611

763 Amplified the Caller (level 7, -1/55 HPs)
             Began as a Palentonga Summoner on Sept 1, 2021.
             Was a Priest of Dithmenos.
             Slain by a lemure (4 damage)
             ... led by Pikel
             ... on level 5 of the Dungeon.
             The game lasted 00:08:50 (4362 turns).

Amplified the Caller (Palentonga Summoner)          Turns: 4362, Time: 00:08:52

Health: -1/55      AC: 19    Str: 14    XL:     7   Next: 51%
Magic:  11/12      EV:  6    Int: 15    God:    Dithmenos [***...]
Gold:   199        SH:  0    Dex: 16    Spells: 10/13 levels left

rFire    . . .     SeeInvis +   e - +2 whip (vorpal)
rCold    . . .     Faith    .   (no shield)
rNeg     + . .     Spirit   .   l - +1 ring mail {rN+}
rPois    .         Reflect  .   (no helmet)
rElec    .         Harm     .   (no cloak)
rCorr    .         Rampage  .   b - +1 pair of gloves
Will     .....                  a - +0 barding {Stlth+}
Stlth    +++.......             (no amulet)
HPRegen  0.18/turn              f - +6 ring of dexterity
MPRegen  0.13/turn              (no ring)

@: attractive, flying, wreathed by umbra, curled up
A: large, rugged brown scales 3, see invisible, deformed body, roll 1, armoured
tail, reflexive curl
a: Rolling Charge, Renounce Religion, Shadow Step


You were on level 5 of the Dungeon.
You worshipped Dithmenos.
Dithmenos was most pleased with you.
You visited 1 branch of the dungeon, and saw 6 of its levels.

You collected 199 gold pieces.

Inventory:

Hand Weapons
 e - a +2 vorpal whip (weapon)
Missiles
 h - 18 poisoned darts (quivered)
Armour
 a - a +0 barding of stealth (worn)
 b - a +1 pair of gloves (worn)
 l - a +1 ring mail of positive energy (worn)
Jewellery
 f - a +6 ring of dexterity (left hand)
Scrolls
 c - a scroll of teleportation
 n - a scroll of identify
Potions
 g - a potion of lignification
 i - 2 potions of magic
 j - a potion of attraction
 k - a potion of haste


   Skills:
 * Level 3.5 Fighting
 * Level 3.3 Maces & Flails
 - Level 1.5 Dodging
 * Level 2.3 Stealth
 * Level 3.7 Spellcasting
 * Level 4.4 Summonings
 * Level 3.1 Invocations


You had 10 spell levels left.
You knew the following spells:

 Your Spells              Type           Power      Damage    Failure   Level
a - Summon Small Mammal   Summ           64%        N/A       6%          1
b - Call Imp              Summ           16%        N/A       10%         2

Your spell library contained the following spells:

 Spells                   Type           Power      Damage    Failure   Level
 Call Canine Familiar     Summ           16%        N/A       19%         3
 Sandblast                Erth           4%         2d4       36%         1
 Summon Guardian Golem    Hex/Summ       9%         N/A       43%         3
 Gell's Gravitas          Tloc           1%         N/A       75%         3
 Lesser Beckoning         Tloc           1%         N/A       75%         3
 Portal Projectile        Hex/Tloc       4%         N/A       75%         3
 Stone Arrow              Conj/Erth      4%         3d7       75%         3
 Teleport Other           Tloc           2%         N/A       75%         3
 Animate Armour           Summ/Erth      18%        N/A       83%         4
 Summon Lightning Spire   Summ/Air       9%         N/A       83%         4
 Blade Hands              Tmut           1%         N/A       100%        5
 Excruciating Wounds      Necr           1%         N/A       100%        5
 Lehudib's Crystal Spear  Conj/Erth      1%         10d2      100%        8


Dungeon Overview and Level Annotations

Branches:
Dungeon (6/15)             Temple (0/1) D:4

Altars:
Ashenzari
Dithmenos
Fedhas
Nemelex Xobeh
Yredelemnul

Shops:
D:4 =

Annotations:
D:3 Sigmund
D:6 Pikel


Innate Abilities, Weirdness & Mutations

You are completely covered in rugged brown scales. (AC +3, +7% HP)
You have supernaturally acute eyesight. (SInv)
Armour fits poorly on your strangely shaped body.
You can roll at nearby foes to attack.
You have a long armoured tail.
You curl defensively after being hit.


Message History

The lemure hits you but does no damage. x2
The orc wizard hits you but does no damage.
Unknown command.
You hit the orc wizard.
The orc wizard is almost dead.
The orc wizard gestures at you while chanting.
You resist with some effort.
The lemure hits you but does no damage. x2
Unknown command.
You hit the orc wizard but do no damage.
The orc wizard is almost dead.
You feel less wooden.
Your +1 pair of gloves unmelds from your body.
Your +0 barding of stealth unmelds from your body.
Your +1 ring mail of positive energy unmelds from your body.
You feel stealthy.
You feel more protected from negative energy.
The orc wizard hits you with a +1 dagger of speed.
* * * LOW HITPOINT WARNING * * *
The orc wizard points at you and mumbles some strange words.
The magic dart hits you but does no damage.
The lemure hits you but does no damage. The lemure barely misses you.
You closely miss the orc wizard.
The orc wizard is almost dead.
The orc wizard barely misses you. The lemure hits you.
* * * LOW HITPOINT WARNING * * *
The lemure hits you.
* * * LOW HITPOINT WARNING * * *
The orc wizard hits you but does no damage.
Unknown command.
Unknown command.
Okay, then.
Okay, then.
It was a potion of flight.
You feel very buoyant.
You fly up into the air.
The orc wizard hits you with a +1 dagger of speed.
* * * LOW HITPOINT WARNING * * *
The orc wizard hits you but does no damage.
The lemure hits you.
You die...

##..# ##..# #...[..
####..## ##...## ##.....
......### ###.....##
##....
#####..<######........##
##...
###................##
##...
#..#####..........##
#.... ##.##
#.........<..####.##.
#..#
##.5...........##.##.
###..#
#>5@................
###....#
#.o..........≈≈≈≈≈≈≈
###......#
##...........≈......
##........#
##..........≈.###.#
..........##
##.........≈.#...#
...........##
###.......≈.#._.#
............##
##.(....≈.#...#
.........##..##
###....≈.#.###
.........##...##
##..≈......


You could see 2 lemures and an orc wizard (fast, invisible).

Vanquished Creatures
  Eustachio (D:4)
  An ice beast (D:5)
  A necrophage (D:6)
  A scorpion (D:5)
  A howler monkey (D:6)
  A hound (D:5)
  A centaur skeleton (D:6)
  An iguana (D:4)
  Natasha (twice) (D:3)
  An orc wizard (D:5)
  A hound skeleton (D:4)
  A howler monkey zombie (D:6)
  4 adders
  2 shadow imps
  An adder skeleton (D:4)
  2 worms (D:2)
  4 dart slugs (D:3)
  22 orcs
  2 ball pythons
  8 endoplasms
  3 giant cockroaches
  4 goblins
  6 hobgoblins
  3 jackals (D:2)
  9 kobolds
  4 quokkas
  7 bats
  A frilled lizard (D:3)
  4 rats
99 creatures vanquished.

Vanquished Creatures (collateral kills)
  An endoplasm (D:1)
  A rat (D:1)
2 creatures vanquished.

Vanquished Creatures (others)
  2 plants (D:2)
2 creatures vanquished.

Grand Total: 103 creatures vanquished

Notes
Turn   | Place    | Note
-------+----------+-------------------------------------------
     0 | D:1      | Amplified the Palentonga Summoner began the quest for the
                  | Orb.
     0 | D:1      | Reached XP level 1. HP: 13/13 MP: 3/3
   394 | D:1      | Reached skill level 1 in Fighting
   478 | D:1      | Reached XP level 2. HP: 22/22 MP: 5/5
   535 | D:1      | Learned a level 2 spell: Call Imp
   878 | D:2      | Reached skill level 1 in Maces & Flails
   878 | D:2      | Reached XP level 3. HP: 22/27 MP: 6/6
  1461 | D:2      | Found a faded altar of an unknown god.
  1466 | D:2      | Got Plato's Collected Works on Earth
  1467 | D:2      | Became a worshipper of Dithmenos the Shadowed
  1467 | D:2      | Reached * piety under Dithmenos
  1733 | D:3      | Reached XP level 4. HP: 18/35 MP: 7/7
  2020 | D:3      | Noticed Natasha
  2028 | D:3      | Killed Natasha
  2081 | D:3      | Noticed Natasha
  2087 | D:3      | Killed Natasha
  2088 | D:3      | Reached skill level 1 in Invocations
  2379 | D:3      | Reached XP level 5. HP: 36/40 MP: 9/9
  2422 | D:3      | Reached ** piety under Dithmenos
  2634 | D:3      | Noticed Sigmund
  2729 | D:4      | Noticed Eustachio
  2893 | D:3      | Found a sparkling altar of Nemelex Xobeh.
  2896 | D:3      | Found a broken altar of Ashenzari.
  3060 | D:4      | Identified a scroll of acquirement
  3060 | D:4      | Acquired a +0 barding of stealth
  3145 | D:4      | Found a staircase to the Ecumenical Temple.
  3383 | D:4      | Killed Eustachio
  3384 | D:4      | Reached skill level 4 in Summonings
  3384 | D:4      | Reached XP level 6. HP: 34/49 MP: 10/10
  3666 | D:4      | Found Pucuen's Jewellery Shop.
  3833 | D:5      | Entered Level 5 of the Dungeon
  3994 | D:5      | Found a basalt altar of Yredelemnul.
  4017 | D:5      | Noticed a hornet
  4027 | D:5      | Noticed an ice beast
  4038 | D:5      | Killed an ice beast
  4050 | D:5      | Gained mutation: You curl defensively after being hit.
                  | [Palentonga growth]
  4050 | D:5      | Reached XP level 7. HP: 40/55 MP: 12/12
  4117 | D:5      | Found a blossoming altar of Fedhas.
  4158 | D:5      | Reached *** piety under Dithmenos
  4259 | D:6      | Noticed a steam dragon
  4329 | D:5      | Noticed Pikel
  4362 | D:5      | Slain by a lemure

Illustrated notes

Levels and vault maps discovered:
D:1:      beargit_arrival_greenhouse, layout_loops_ring
D:2:      layout_loops_cross, shapermc_ecumenical_altar_rom_forum,
          kennysheep_generic_room_6
D:3:      layout_loops_corners, nicolae_overflow_hidden_temple,
          minmay_fractal_squares_gapless_5, uniq_sigmund, uniq_natasha
D:4:      layout_cave_pools, minmay_temple_entry_junction_2, serial_shops,
          shop_fountains, uniq_eustachio
D:5:      layout_cave_pods, mainiacjoe_overflow_brackets, lemuel_doored_altar,
          cheibrodos_sewer_entry_bend, uniq_pikel
D:6:      layout_rooms

Skill      XL: |  1  2  3  4  5  6  7 |
---------------+----------------------+-----
Fighting       | 1 2 3 |  3.5
Maces & Flails | 1 2 3 |  3.3
Invocations    | 1 2 3 |  3.1
Spellcasting   | 3 |  3.7
Summonings     | 4 |  4.4
Stealth        | 2 |  2.3
Dodging        | |  1.5

Action                   |  1- 3 |  4- 6 |  7- 9 || total
-------------------------+-------+-------+-------++-------
Melee: Whip              |    75 |   166 |    77 ||   318
       Unarmed           |     8 |       |       ||     8
       Tailslap          |     7 |    25 |    11 ||    43
Throw: Dart              |       |    10 |       ||    10
 Cast: Summon Small Mamm |     4 |       |       ||     4
Invok: Shadow Step       |       |       |     1 ||     1
 Abil: Rolling Charge    |    19 |    12 |       ||    31
  Use: Scroll            |     4 |     8 |     1 ||    13
       Potion            |       |     2 |     7 ||     9
 Stab: Sleeping          |     1 |     2 |     1 ||     4
Armor: Robe              |    28 |    17 |       ||    45
       Ring mail         |       |   129 |    70 ||   199
       Skin              |       |       |    44 ||    44
Dodge: Dodged            |    40 |   108 |    29 ||   177
